 Dungeon Sprint DCSS version 0.27-a0-637-g3a9f0a9c12 (webtiles) character file.

Game seed: 14514708662828870747

224531 rocky1 the Conqueror (level 18, -6/200 HPs)
             Began as a Minotaur Gladiator on Mar 14, 2021.
             Was the Champion of Okawaru.
             Mangled by Irchoixzy the pandemonium lord (29 damage)
             ... in the Dungeon (Sprint VII: "The Pits").
             The game lasted 01:21:03 (9727 turns).

rocky1 the Conqueror (Minotaur Gladiator)           Turns: 9727, Time: 01:21:03

Health: -6/200     AC: 36    Str: 33    XL:     18   Next: 59%
Magic:  19/24      EV: 11    Int:  6    God:    Okawaru [******]
Gold:   106        SH:  0    Dex: 16    Spells: 17/17 levels left

rFire    + + +     SeeInvis .   N - +8 long sword of Recwu {holy, Str+4}
rCold    + + +     Faith    .   (no shield)
rNeg     . . .     Spirit   .   R - +2 plate armour {rF+}
rPois    .         Reflect  .   Y - +0 hat "Sosiphap" {+Inv rC+++ rCorr Int-2}
rElec    .         Harm     .   s - scarf {repulsion}
rCorr    +         Rampage  .   Q - +0 pair of fencer's gloves {Riposte Dex+3}
Will     +....     NoTele   +   q - +2 pair of boots {Stlth+}
Stlth    +++.......             p - amulet of regeneration
HPRegen  1.43/turn              F - ring "Siacixos" {rF++ AC+6 Str+3 Int+3}
MPRegen  0.19/turn              u - +5 ring of slaying

@: finesse-ful, held, repel missiles
A: horns 2, retaliatory headbutt
}: 1/3 runes: silver
a: Renounce Religion, Evoke Invisibility, Heroism, Finesse


You were in the Dungeon.
You worshipped Okawaru.
Okawaru was exalted by your worship.
You visited 1 branch You collected 106 gold pieces.

Inventory:

Hand Weapons
 a - a +9 vampiric great sword
 b - the +9 shortbow "Sossuveph" {freeze, rC+ MP+9 Dex+3}
   (You found it in the Dungeon)

   It causes projectiles fired from it to freeze those they strike, causing
   extra injury to most foes and up to half again as much damage against
   particularly susceptible opponents.
   They can also slow down cold-blooded creatures.
   It affects your dexterity (+3).
   It protects you from cold.
   It affects your magic capacity (+9).
 k - a +2 vorpal executioner's axe
 t - a +3 longbow
 v - a +2 great sword of flaming
 J - the +7 triple sword of Understanding {vorpal, rC+ Dex+5}
   (Okawaru gifted it to you in the Dungeon)

   It inflicts extra damage upon your enemies.
   It affects your dexterity (+5).
   It protects you from cold.
 N - the +8 long sword of Recwu (weapon) {holy, Str+4}
   (You took it off a white draconian in the Dungeon)

   It has been blessed by the Shining One to cause great damage to the undead
   and demons.
   It affects your strength (+4).
Missiles
 o - 19 javelins (quivered)
 x - 556 arrows
Armour
 c - a +1 pair of boots
 q - a +2 pair of boots of stealth (worn)
 s - a scarf of repulsion (worn)
 Q - the +0 pair of fencer's gloves (worn) {Riposte Dex+3}
   (You found it in the Dungeon)

   It affects your dexterity (+3).
 R - a +2 plate armour of fire resistance (worn)
 Y - the +0 hat "Sosiphap" (worn) {+Inv rC+++ rCorr Int-2}
   (You found it in the Dungeon)

   It affects your intelligence (-2).
   It renders you almost immune to cold.
   It lets you turn invisible.
   It provides partial protection from all sources of acid and corrosion.
Jewellery
 l - the amulet of Foajofum {rElec Regen+ Str+3}
   (You found it in the Dungeon)

   [amulet of regeneration]

   It affects your strength (+3).
   It insulates you from electricity.
   It increases your rate of regeneration.
 m - the ring of Midnight {+Fly rC- rN+++ Dex-5 Slay+5}
   (You found it in the Dungeon)

   [ring of slaying]

   It affects your dexterity (-5).
   It affects your accuracy and damage with ranged weapons and melee attacks
   (+5).
   It makes you vulnerable to cold.
   It renders you almost immune to negative energy.
   It lets you fly.
 p - an amulet of regeneration (around neck)
 u - a +5 ring of slaying (left hand)
 F - the ring "Siacixos" (right hand) {rF++ AC+6 Str+3 Int+3}
   (You found it in the Dungeon)

   [ring of protection]

   It affects your AC (+6).
   It affects your strength (+3).
   It affects your intelligence (+3).
   It greatly protects you from fire.
Wands
 y - a wand of paralysis (5)
Scrolls
 d - 7 scrolls of enchant armour
 j - 4 scrolls of blinking
 G - 2 scrolls of fear
 H - 3 scrolls of fog
Potions
 e - 13 potions of curing
 f - 8 potions of heal wounds
 g - 9 potions of haste
 h - 9 potions of magic
 i - 5 potions of berserk rage
 I - 4 potions of mutation
 U - 3 potions of might
 W - a potion of resistance
Miscellaneous
 n - a lightning rod (4/4)
 K - a phantom mirror
 M - a phantom mirror
 O - a phial of floods
 P - a box of beasts


   Skills:
 O Level 27 Fighting
 O Level 27 Long Blades
 + Level 24.7 Axes
 - Level 20.0 Bows
 - Level 2.0 Throwing
 O Level 27 Armour
 + Level 26.4 Dodging
 + Level 15.9 Stealth
 - Level 10.3 Invocations
 + Level 18.6 Evocations


You had 17 spell levels left.
You didn't know any spells.
Your spell library contained the following spells:

 Spells                   Type           Power      Damage    Failure   Level
 Beastly Appendage        Tmut           0%         N/A       77%         1
 Foxfire                  Conj/Fire      0%         2x1d4     77%         1
 Magic Dart               Conj           0%         1d3       77%         1
 Pain                     Necr           0%         1d4       77%         1
 Shock                    Conj/Air       0%         1d3       77%         1
 Sting                    Tmut/Pois      0%         1d3       77%         1
 Blink                    Tloc           N/A        N/A       88%         2
 Call Imp                 Summ           0%         N/A       88%         2
 Corpse Rot               Necr/Air       N/A        N/A       88%         2
 Poisonous Vapours        Pois/Air       0%         N/A       88%         2
 Slow                     Hex            0%         N/A       88%         2
 Sublimation of Blood     Necr           0%         N/A       88%         2
 Swiftness                Air            0%         N/A       88%         2
 Wereblood                Tmut           0%         N/A       88%         2
 Call Canine Familiar     Summ           0%         N/A       98%         3
 Conjure Flame            Conj/Fire      0%         6-21      98%         3
 Ignite Poison            Fire/Tmut/Pois 0%         N/A       98%         3
 Inner Flame              Hex/Fire       0%         N/A       98%         3
 Mephitic Cloud           Conj/Pois/Air  0%         N/A       98%         3
 Spider Form              Tmut/Pois      0%         N/A       98%         3
 Static Discharge         Conj/Air       0%         N/A       98%         3
 Stone Arrow              Conj/Erth      0%         3d7       98%         3
 Vampiric Draining        Necr           0%         2d6       98%         3
 Airstrike                Air            0%         N/A       100%        4
 Animate Armour           Summ/Erth      0%         N/A       100%        4
 Animate Dead             Necr           0%         N/A       100%        4
 Ice Form                 Ice/Tmut       0%         N/A       100%        4
 Leda's Liquefaction      Hex/Erth       0%         N/A       100%        4
 Olgreb's Toxic Radiance  Pois           0%         N/A       100%        4
 Petrify                  Tmut/Erth      0%         N/A       100%        4
 Sticky Flame             Conj/Fire      0%         2d3       100%        4
 Summon Ice Beast         Ice/Summ       0%         N/A       100%        4
 Summon Lightning Spire   Summ/Air       0%         N/A       100%        4
 Alistair's Intoxication  Tmut/Pois      0%         N/A       100%        5
 Blade Hands              Tmut           0%         N/A       100%        5
 Bolt of Magma            Conj/Fire/Erth 0%         4d4       100%        5
 Borgnjor's Vile Clutch   Necr/Erth      0%         N/A       100%        5
 Excruciating Wounds      Necr           0%         N/A       100%        5
 Fireball                 Conj/Fire      0%         3d3       100%        5
 Irradiate                Conj/Tmut      0%         3d14      100%        5
 Iskenderun's Battlesphe  Conj           0%         2d6       100%        5
 Lightning Bolt           Conj/Air       0%         1d11      100%        5
 Silence                  Hex/Air        0%         N/A       100%        5
 Summon Forest            Summ/Tloc      0%         N/A       100%        5
 Conjure Ball Lightning   Conj/Air       0%         3x3d6     100%        6
 Death Channel            Necr           0%         N/A       100%        6
 Eringya's Noxious Bog    Tmut/Pois      0%         N/A       100%        6
 Freezing Cloud           Conj/Ice/Air   0%         6-21      100%        6
 Hydra Form               Tmut           0%         N/A       100%        6
 Iron Shot                Conj/Erth      0%         9d1       100%        6
 Simulacrum               Ice/Necr       0%         N/A       100%        6
 Statue Form              Tmut/Erth      0%         N/A       100%        6
 Dragon Form              Tmut           0%         N/A       100%        7
 Orb of Destruction       Conj           0%         N/A       100%        7
 Spellforged Servitor     Conj/Summ      0%         N/A       100%        7
 Summon Hydra             Summ           0%         N/A       100%        7
 Ignition                 Fire           0%         3d3       100%        8
 Dragon's Call            Summ           0%         N/A       100%        9
 Shatter                  Erth           0%         3d5*      100%        9
 Tornado                  Air            0%         N/A       100%        9


Dungeon Overview and Level Annotations

Branches:
Dungeon (1/1)

Altars:
Ashenzari
Cheibriados
Dithmenos
Elyvilon
Fedhas
Gozag
Hepliaklqana
Kikubaaqudgha
Makhleb
Nemelex Xobeh
Okawaru
Qazlal
Ru
Sif Muna
Trog
Uskayaw
Vehumet
Wu Jian
Xom
Yredelemnul
Zin
The Shining One
Beogh
Jiyva
Lugonu


Innate Abilities, Weirdness & Mutations

You have a pair of horns on your head.
You reflexively headbutt those who attack you in melee.


Message History

* * * LOW HITPOINT WARNING * * *
Unknown command.
Irchoixzy closely misses you. You furiously retaliate!
You headbutt Irchoixzy, but do no damage.
You feel much better.
You are standing in a thunderstorm.
You are struck by lightning!
Irchoixzy stings you!!
* * * LOW HITPOINT WARNING * * *
You are caught in a web!
Irchoixzy stings you.
* * * LOW HITPOINT WARNING * * *
You are even more entangled.
Unknown command.
You feel much better.
You are standing in a thunderstorm.
Irchoixzy stings you!
* * * LOW HITPOINT WARNING * * *
Unknown command.
The web tears apart.
You are standing in a thunderstorm.
Irchoixzy stings you but does no damage. x2
Unknown command.
You hit Irchoixzy but do no damage. You headbutt Irchoixzy!
Irchoixzy is moderately wounded.
You are standing in a thunderstorm.
Irchoixzy stings you!
* * * LOW HITPOINT WARNING * * *
Irchoixzy barely misses you.
You riposte.
You chop Irchoixzy into pieces!!!
Irchoixzy convulses!
Irchoixzy is severely wounded.
You hit Irchoixzy.
Irchoixzy convulses.
Irchoixzy is severely wounded.
You are standing in a thunderstorm.
Irchoixzy stings you.
* * * LOW HITPOINT WARNING * * *
You are caught in a web!
Unknown command.
You can now deal lightning-fast blows.
You are standing in a thunderstorm.
Irchoixzy closely misses you. You furiously retaliate!
You headbutt Irchoixzy, but do no damage.
Irchoixzy stings you!
* * * LOW HITPOINT WARNING * * *
Unknown command.
You struggle to detach yourself from the web.
Irchoixzy stings you!!
You die...

############+######
#..................
#..................
###################
###### ### ### ###
#.##.###.###.###.#
#'#...[...'...'..÷
##§'#.'##.)##.###.)
#.@&###.###.###.###
##.#§# ## ###...')
#+##.# ##.##' ##
#'#.# ##.### #...'.
#'.##' #÷###)#
###.###


You could see Irchoixzy (clouds).

Vanquished Creatures
  Dissolution (D)
  An ancient lich (D)
  2 royal mummies (D)
  Saint Roka (D)
  the Lernaean hydra (D)
  4 pandemonium lords (D)
  2 golden dragons (D)
  Nikola (D)
  2 profane servitors (D)
  A pearl dragon (D)
  3 Brimstone Fiends (D)
  A Tzitzimitl (D)
  2 tentacled monstrosities (D)
  An electric golem (D)
  Rupert (D)
  4 liches (D)
  2 deep elf master archers (D)
  2 deep elf blademasters (D)
  3 quicksilver dragons (D)
  2 Executioners (D)
  A sphinx (D)
  Gastronok (D)
  A storm dragon (D)
  3 nagarajas (D)
  A fire giant (D)
  An iron dragon (D)
  3 ghost moths (D)
  2 orc warlords (D)
  2 emperor scorpions (D)
  2 deep elf sorcerers (D)
  A draconian stormcaller (D)
  4 frost giants (D)
  2 balrugs (D)
  A draconian shifter (D)
  A draconian annihilator (D)
  An ophan (D)
  A green draconian (D)
  2 deep elf demonologists (D)
  An apis (D)
  A black draconian (D)
  A white draconian (D)
  3 dire elephants (D)
  A minotaur (D)
  2 yellow draconians (D)
  4 deep elf annihilators (D)
  A merfolk javelineer (D)
  An ettin (D)
  A blizzard demon (D)
  2 fire dragons (D)
  3 deep elf death magi (D)
  A green death (D)
  2 deep elf high priests (D)
  3 ice dragons (D)
  A boulder beetle (D)
  A hell beast (D)
  7 vault guards (D)
  7 hydras (D)
  A merfolk avatar (D)
  2 alligator snapping turtles (D)
  3 ogre magi (D)
  2 naga warriors (D)
  4 catoblepae (D)
  A centaur warrior (D)
  2 dancing weapons (D)
  2 death yaks (D)
  A deep troll shaman (D)
  A deep troll earth mage (D)
  A vampire mage (D)
  An orc high priest (D)
  A soul eater (D)
  Sonja (D)
  5 deep elf knights (D)
  13 hell knights (D)
  3 iron trolls (D)
  3 deep trolls (D)
  An unseen horror (D)
  An unseen horror (shapeshifter) (D)
  A death drake (D)
  A spriggan druid (D)
  10 swamp dragons (D)
  A deep elf archer (D)
  5 harpies (D)
  3 deep elf pyromancers (D)
  4 wizards (D)
  13 orc knights (D)
  A deep elf zephyrmancer (D)
  3 lindwurms (D)
  3 necromancers (D)
  A wolf spider (D)
  An orc sorcerer (D)
  A moth of wrath (D)
  2 naga magi (D)
  A guardian serpent (D)
  An eye of devastation (D)
  2 black mambas (D)
  A cane toad (D)
  2 gargoyles (D)
  5 kobold demonologists (D)
  An ice devil (D)
  5 komodo dragons (D)
  A rime drake (shapeshifter) (D)
  5 rime drakes (D)
  An efreet (D)
  A yaktaur (D)
  A tormentor (D)
  A freezing wraith (D)
  A red devil (D)
  A hellwing (D)
  A polar bear (D)
  4 merfolk (D)
  6 dream sheep (D)
  A hornet (D)
  8 slime creatures (D)
  A snapping turtle (D)
  Sigmund (D)
  A spriggan (D)
  2 air elementals (D)
  A flying skull (D)
  A vampire (D)
  6 redbacks (D)
  6 basilisks (D)
  3 fire bats (D)
  6 wyverns (D)
  A water elemental (D)
  2 ynoxinuls (D)
  2 neqoxecs (D)
  A golden eye (D)
  2 wargs (D)
  3 steam dragons (D)
  4 acid dragons (D)
  A naga (D)
  A soldier ant (shapeshifter) (D)
  4 floating eyes (D)
  2 swamp drakes (D)
  A black bear (D)
  13 orc warriors (D)
  An ice beast (D)
  2 sky beasts (D)
  A centaur (D)
  An earth elemental (D)
  3 hounds (D)
  2 orc priests (D)
  A hell rat (D)
  3 orc wizards (D)
  A mummy (D)
  A gnoll (D)
  2 river rats (D)
  2 ufetubi (D)
  An adder zombie (D)
  An adder skeleton (D)
  An adder simulacrum (D)
  13 orcs (D)
  A bat (D)
  2 bat skeletons (D)
  A giant cockroach (D)
  A goblin (D)
  A hobgoblin (D)
  7 jackals (D)
  6 kobolds (D)
  A ball python (D)
  A frilled lizard (D)
  A leopard gecko skeleton (D)
  2 rats (D)
384 creatures vanquished.

Vanquished Creatures (others)
  A yaktaur (D)
  An orc (D)
  A kobold (D)
3 creatures vanquished.

Grand Total: 387 creatures vanquished

Notes
Turn   | Place    | Note
-------+----------+-------------------------------------------
     0 | D        | rocky1 the Minotaur Gladiator began the quest for the Orb.
     0 | D        | Reached XP level 1. HP: 18/18 MP: 0/0
    14 | D        | Reached skill level 1 in Armour
    38 | D        | Found a bloodstained altar of Trog.
    38 | D        | Found a shimmering blue altar of Sif Muna.
    38 | D        | Found a viscous altar of Jiyva.
    38 | D        | Found a hazy altar of Hepliaklqana.
    38 | D        | Found an opulent altar of Gozag.
    39 | D        | Found a glowing golden altar of the Shining One.
    39 | D        | Found a glowing silver altar of Zin.
    39 | D        | Found a basalt altar of Yredelemnul.
    39 | D        | Found a shimmering altar of Xom.
    39 | D        | Found an ornate altar of the Wu Jian Council.
    39 | D        | Found a sacrificial altar of Ru.
    39 | D        | Found a stormy altar of Qazlal.
    39 | D        | Found an iron altar of Okawaru.
    39 | D        | Found a sparkling altar of Nemelex Xobeh.
    39 | D        | Found a burning altar of Makhleb.
    39 | D        | Found a blossoming altar of Fedhas.
    39 | D        | Found a white marble altar of Elyvilon.
    39 | D        | Found a shadowy altar of Dithmenos.
    39 | D        | Found a snail-covered altar of Cheibriados.
    41 | D        | Found a radiant altar of Vehumet.
    41 | D        | Found a corrupted altar of Lugonu.
    42 | D        | Found a hide-covered altar of Uskayaw.
    42 | D        | Found an ancient bone altar of Kikubaaqudgha.
    42 | D        | Found a broken altar of Ashenzari.
    49 | D        | Became a worshipper of Warmaster Okawaru
    64 | D        | Noticed a floating eye
    67 | D        | Killed a floating eye
    67 | D        | Reached * piety under Okawaru
    68 | D        | Reached skill level 5 in Fighting
    68 | D        | Reached skill level 5 in Armour
    68 | D        | Reached skill level 5 in Dodging
    68 | D        | Reached XP level 2. HP: 11/30 MP: 1/1
    68 | D        | Reached XP level 3. HP: 14/37 MP: 2/2
    68 | D        | Reached XP level 4. HP: 17/44 MP: 3/3
   353 | D        | Noticed a fire bat
   353 | D        | Noticed an ice beast
   360 | D        | Killed a fire bat
   360 | D        | Reached ** piety under Okawaru
   361 | D        | Reached XP level 5. HP: 52/52 MP: 4/4
   361 | D        | Reached XP level 6. HP: 60/60 MP: 5/5
   369 | D        | Killed an ice beast
   370 | D        | Reached skill level 1 in Invocations
   397 | D        | Noticed a flying skull
   401 | D        | Noticed a floating eye
   405 | D        | Killed a flying skull
   406 | D        | Reached skill level 5 in Long Blades
   406 | D        | Reached XP level 7. HP: 59/69 MP: 6/8
   407 | D        | Reached *** piety under Okawaru
   458 | D        | Noticed a deep elf pyromancer
   469 | D        | Noticed a fire elemental
   472 | D        | Killed a deep elf pyromancer
   472 | D        | Reached **** piety under Okawaru
   473 | D        | Reached skill level 10 in Axes
   473 | D        | Reached XP level 8. HP: 24/79 MP: 8/10
   823 | D        | Noticed an orc knight
   828 | D        | Reached skill level 5 in Invocations
   838 | D        | Reached skill level 10 in Fighting
   842 | D        | Killed an unseen horror
   842 | D        | Received a gift from Okawaru
   843 | D        | Reached skill level 10 in Armour
   843 | D        | Reached skill level 10 in Dodging
   843 | D        | Killed an orc knight
   844 | D        | Reached XP level 9. HP: 83/89 MP: 9/13
  1144 | D        | Noticed a death yak
  1152 | D        | Killed a death yak
  1259 | D        | Noticed a gargoyle
  1259 | D        | Noticed a gargoyle
  1270 | D        | Killed a gargoyle
  1271 | D        | Reached skill level 10 in Long Blades
  1272 | D        | Killed a gargoyle
  1365 | D        | Noticed a deep troll
  1365 | D        | Noticed a centaur warrior
  1374 | D        | Killed a deep troll
  1374 | D        | Reached ***** piety under Okawaru
  1375 | D        | Reached XP level 10. HP: 57/97 MP: 12/15
  1384 | D        | Killed a centaur warrior
  1384 | D        | Received a gift from Okawaru
  1537 | D        | Noticed an orc high priest
  1537 | D        | Noticed an orc sorcerer
  1537 | D        | Noticed a wizard
  1550 | D        | Killed a wizard
  1551 | D        | Reached skill level 1 in Bows
  1551 | D        | Killed an orc sorcerer
  1563 | D        | Killed an orc high priest
  1581 | D        | Noticed Sigmund
  1583 | D        | Noticed a boulder beetle
  1584 | D        | Killed Sigmund
  1602 | D        | Killed a boulder beetle
  1845 | D        | Noticed a cane toad
  1845 | D        | Noticed Gastronok
  1853 | D        | Reached XP level 11. HP: 63/107 MP: 9/17
  1865 | D        | Reached skill level 5 in Bows
  1866 | D        | Received a gift from Okawaru
  1867 | D        | Reached skill level 10 in Invocations
  1878 | D        | Killed Gastronok
  2184 | D        | Noticed a naga warrior
  2184 | D        | Noticed a naga warrior
  2206 | D        | Killed a naga warrior
  2218 | D        | Killed a naga warrior
  2218 | D        | Reached ****** piety under Okawaru
  2221 | D        | Noticed a wizard
  2230 | D        | Killed a wizard
  2299 | D        | Noticed an orc knight
  2299 | D        | Noticed a swamp dragon
  2329 | D        | Killed an orc knight
  2329 | D        | Identified the +2 chain mail of Foolhardiness {Int+3}
                  | (Okawaru gifted it to you in the Dungeon)
  2329 | D        | Received a gift from Okawaru
  2344 | D        | Killed a swamp dragon
  2353 | D        | Reached skill level 15 in Fighting
  2363 | D        | Noticed Sonja
  2390 | D        | Noticed a vampire mage
  2393 | D        | Killed Sonja
  2397 | D        | Reached skill level 15 in Armour
  2397 | D        | Reached XP level 12. HP: 77/121 MP: 18/18
  2411 | D        | Killed a vampire mage
  2422 | D        | Noticed a catoblepas
  2426 | D        | Killed a catoblepas
  2675 | D        | Noticed a death yak
  2675 | D        | Noticed a merfolk javelineer
  2690 | D        | Killed a merfolk javelineer
  2705 | D        | Killed a death yak
  2706 | D        | Reached skill level 10 in Bows
  2706 | D        | Reached skill level 15 in Dodging
  2724 | D        | Reached skill level 15 in Long Blades
  2872 | D        | Noticed an orc warlord
  2880 | D        | Noticed Rupert
  2891 | D        | Identified the +7 triple sword of Understanding {vorpal,
                  | rC+ Dex+5} (Okawaru gifted it to you in the Dungeon)
  2891 | D        | Received a gift from Okawaru
  2904 | D        | Killed Rupert
  2947 | D        | Received a gift from Okawaru
  2948 | D        | Reached XP level 13. HP: 115/132 MP: 17/19
  2980 | D        | Killed an orc warlord
  2989 | D        | Noticed an orc warlord
  3004 | D        | Killed an orc warlord
  3053 | D        | Noticed an emperor scorpion
  3081 | D        | Received a gift from Okawaru
  3096 | D        | Killed an emperor scorpion
  3532 | D        | Got the +9 shortbow "Sossuveph" {freeze, rC+ MP+9 Dex+3}
  3662 | D        | Noticed a minotaur
  3662 | D        | Noticed an emperor scorpion
  3681 | D        | Received a gift from Okawaru
  3702 | D        | Killed a minotaur
  3715 | D        | Killed an emperor scorpion
  3721 | D        | Reached XP level 14. HP: 106/146 MP: 16/20
  3876 | D        | Got Jyakyin's Compendium of Feathers
  3943 | D        | Noticed an ophan
  3943 | D        | Noticed a frost giant
  3944 | D        | Identified the +8 long sword of Recwu {holy, Str+4}
  3962 | D        | Killed a frost giant
  3963 | D        | Reached skill level 15 in Bows
  3973 | D        | Killed an ophan
  4043 | D        | Noticed Saint Roka
  4057 | D        | Reached skill level 1 in Evocations
  4093 | D        | Killed Saint Roka
  4230 | D        | Noticed an apis
  4233 | D        | Noticed a deep elf master archer
  4247 | D        | Killed a deep elf master archer
  4247 | D        | Received a gift from Okawaru
  4253 | D        | Killed an apis
  4254 | D        | Reached skill level 5 in Evocations
  4260 | D        | Noticed a profane servitor
  4287 | D        | Received a gift from Okawaru
  4301 | D        | Killed a profane servitor
  4301 | D        | Received a gift from Okawaru
  4346 | D        | Noticed a black draconian annihilator
  4359 | D        | Killed a black draconian annihilator
  4423 | D        | Reached XP level 15. HP: 116/158 MP: 21/21
  4461 | D        | Noticed a deep elf sorcerer
  4469 | D        | Killed a deep elf sorcerer
  4516 | D        | Received a gift from Okawaru
  4524 | D        | Identified the +0 hat "Pidghiwkyr" {Will++} (Okawaru gifted
                  | it to you in the Dungeon)
  4524 | D        | Received a gift from Okawaru
  4531 | D        | Reached skill level 15 in Axes
  4716 | D        | Noticed a lich
  4719 | D        | Noticed Nikola
  4730 | D        | Noticed a frost giant
  4732 | D        | Noticed a golden dragon
  4740 | D        | Killed a lich
  4776 | D        | Killed a golden dragon
  4782 | D        | Killed Nikola
  4786 | D        | Killed a frost giant
  4796 | D        | Noticed a profane servitor
  4829 | D        | Noticed a bone dragon
  4832 | D        | Killed a profane servitor
  4833 | D        | Reached skill level 10 in Evocations
  5730 | D        | Got the +0 hat "Sosiphap" {+Inv rC+++ rCorr Int-2}
  5884 | D        | Noticed a golden dragon
  5887 | D        | Found the +0 pair of fencer's gloves {Riposte Dex+3}
  5916 | D        | Identified the +9 shortbow of Compulsion {flame, Stlth+}
                  | (Okawaru gifted it to you in the Dungeon)
  5916 | D        | Received a gift from Okawaru
  6101 | D        | Reached XP level 16. HP: 154/170 MP: 22/22
  6229 | D        | Received a gift from Okawaru
  6245 | D        | Reached skill level 1 in Stealth
  6287 | D        | Received a gift from Okawaru
  6381 | D        | Received a gift from Okawaru
  6445 | D        | Killed a golden dragon
  6837 | D        | Got Kikubaaqudgha's Papyrus of Unholy Arts
  6856 | D        | Got the ring "Nair" {+Fly rN+ Str+2}
  6890 | D        | Got a silver rune of Zot
  7116 | D        | Reached skill level 5 in Stealth
  7139 | D        | Noticed a sphinx
  7147 | D        | Killed a sphinx
  7166 | D        | Paralysed by an ogre mage for 2 turns
  7187 | D        | Identified the +9 falchion of Vanity {freeze, *Contam +Inv
                  | rF+ Str+4} (Okawaru gifted it to you in the Dungeon)
  7187 | D        | Received a gift from Okawaru
  7224 | D        | Noticed a lich
  7243 | D        | Killed a lich
  7276 | D        | Noticed a lich
  7295 | D        | Received a gift from Okawaru
  7296 | D        | Killed a lich
  7300 | D        | Identified the +2 buckler "Sapoekk" {Int+4} (Okawaru gifted
                  | it to you in the Dungeon)
  7300 | D        | Received a gift from Okawaru
  7501 | D        | Got the Collected Works on Burning Changing
  7529 | D        | Got the Disquisition on Calling
  7545 | D        | Got Pynn's Collected Works on Flight
  7547 | D        | Got the Disquisition on Black Arts
  7644 | D        | Got the amulet "Wattix" {Faith rElec rN+ Str-2}
  7646 | D        | Got the amulet "Ciecs" {RegenMP Str+3 Int+2}
  7648 | D        | Got the ring "Ippuyxt" {rF+ MP+9 AC+4 Str+4 Dex+2}
  7650 | D        | Got the ring of Pantheism {Will+ Str+2 Int+3 Dex-4 Slay+5}
  7653 | D        | Got the amulet "Upiemmar" {Reflect *Contam Str+9 Int+3 SH+5
                  | Stlth+}
  7655 | D        | Got the amulet of Laxami {Faith Int+4}
  7657 | D        | Got the ring of Ojanelun {+Fly rC+ Str-5 Dex+7}
  7659 | D        | Got the amulet "Kuok Ece" {Acrobat Str+4}
  7661 | D        | Got the amulet of Irrepressible Laughter {Will+++ Regen+
                  | Str-2 Dex-5 Slay+3}
  7663 | D        | Got the amulet of Foajofum {rElec Regen+ Str+3}
  7666 | D        | Got the ring of Midnight {+Fly rC- rN+++ Dex-5 Slay+5}
  7668 | D        | Got the amulet "Kotwihi" {Spirit rPois rC+++ Str-5 Dex-4}
  7670 | D        | Got the ring "Faammom" {*Contam +Fly rPois Str+7}
  7672 | D        | Got the amulet of Suspicion {Faith Int+4}
  7685 | D        | Got the ring "Janukug" {Ice Str+4 Stlth+}
  7687 | D        | Got the ring of Oninumer {rC+ Int+2 Dex+6}
  7691 | D        | Got the ring "Edanko" {Ice *Drain +Inv rN+ Stlth+}
  7693 | D        | Got the ring of Xuarph {Dex+6 Stlth+}
  7696 | D        | Got the ring of Fixzoz {rElec rPois rF- Int+6 Dex+4}
  7698 | D        | Got the ring "Zedaabej" {+Blink EV+6 Str+3 Int+3}
  7700 | D        | Got the ring of Nobility {Fire Str+7}
  7702 | D        | Got the ring "Kanuc" {+Fly rN+ SInv}
  7704 | D        | Got the ring "Wacanac Qite" {Will- Str+6 SInv}
  7709 | D        | Got the ring "Qainonai" {rPois Will+ Int+6 Dex+7}
  7711 | D        | Got the ring "Siacixos" {rF++ AC+6 Str+3 Int+3}
  7713 | D        | Got the ring of Gosoczan {*Slow rC+ AC+6 Str+5 Int+4}
  7802 | D        | Noticed a deep elf blademaster
  7807 | D        | Killed a deep elf blademaster
  7818 | D        | Noticed Lyr Syump the pandemonium lord
  7832 | D        | Killed Lyr Syump the pandemonium lord
  7833 | D        | Reached XP level 17. HP: 84/183 MP: 23/23
  8011 | D        | Noticed Tyatruut the pandemonium lord
  8018 | D        | Killed Tyatruut the pandemonium lord
  8034 | D        | Noticed a Brimstone Fiend
  8034 | D        | Noticed an ancient lich
  8034 | D        | Noticed a pearl dragon
  8034 | D        | Noticed a quicksilver dragon
  8043 | D        | Killed a pearl dragon
  8044 | D        | Reached skill level 10 in Stealth
  8070 | D        | Killed an ancient lich
  8075 | D        | Killed a quicksilver dragon
  8076 | D        | Reached skill level 15 in Evocations
  8088 | D        | Killed a Brimstone Fiend
  8088 | D        | Received a gift from Okawaru
  8237 | D        | Noticed a quicksilver dragon
  8247 | D        | Killed a quicksilver dragon
  8247 | D        | Received a gift from Okawaru
  8408 | D        | Noticed a deep elf blademaster
  8418 | D        | Killed a deep elf blademaster
  8421 | D        | Noticed Dissolution
  8427 | D        | Killed Dissolution
  8429 | D        | Noticed a Brimstone Fiend
  8435 | D        | Killed a Brimstone Fiend
  8438 | D        | Noticed the 27-headed Lernaean hydra
  8445 | D        | Killed the 24-headed Lernaean hydra
  8547 | D        | Upgraded the game from 0.27-a0-633-gc6addc0a40 to
                  | 0.27-a0-637-g3a9f0a9c12
  8575 | D        | Noticed an electric golem
  8581 | D        | Killed an electric golem
  8586 | D        | Noticed a royal mummy
  8594 | D        | Killed a royal mummy
  8859 | D        | Noticed a deep elf master archer
  8864 | D        | Killed a deep elf master archer
  8865 | D        | Reached XP level 18. HP: 183/198 MP: 24/24
  8888 | D        | Noticed a lich
  8896 | D        | Killed a lich
  9168 | D        | Noticed a tentacled monstrosity
  9170 | D        | Killed a tentacled monstrosity
  9170 | D        | Received a gift from Okawaru
  9193 | D        | Noticed a Tzitzimitl
  9197 | D        | Reached skill level 27 in Fighting
  9202 | D        | Killed a Tzitzimitl
  9402 | D        | Noticed a royal mummy
  9410 | D        | Killed a royal mummy
  9411 | D        | Reached skill level 27 in Armour
  9438 | D        | Noticed Liv Taorogugh the pandemonium lord
  9443 | D        | Killed Liv Taorogugh the pandemonium lord
  9444 | D        | Reached skill level 27 in Long Blades
  9446 | D        | Reached skill level 15 in Stealth
  9477 | D        | Noticed Dyzaryse the pandemonium lord
  9477 | D        | Noticed a tentacled monstrosity
  9479 | D        | Killed a tentacled monstrosity
  9490 | D        | Killed Dyzaryse the pandemonium lord
  9503 | D        | Noticed a Brimstone Fiend
  9511 | D        | Killed a Brimstone Fiend
  9706 | D        | Noticed Irchoixzy the pandemonium lord
  9727 | D        | Mangled by Irchoixzy the pandemonium lord

Illustrated notes

Levels and vault maps discovered:
D:        pitsprint [storerooms_1, entrance_room_1, metal_vault_2, armoury_2,
          mini_pit_1, grid_room_1, main_hall_1, silver_pit, the_coven_1,
          the_vestibule_1, steel_vault_5, golden_pit, hallway_of_sentries,
          crystal_vault_4, iron_vault_1, final_vault]

Skill      XL: |  1  2  3  4  5  6  7  8  9 10 11 12 13 14 15 16 17 18 |
---------------+-------------------------------------------------------+-----
Armour         | 5 7 8 9 10 12 13 15 16 19 20 22 24 26 27 | 27.0
Fighting       | 5 7 8 9 11 12 13 15 17 19 21 22 24 26 27 | 27.0
Axes           | 6 8 9 10 11 12 13 14 17 20 22 24 | 24.7
Dodging        | 5 7 8 9 10 11 12 14 16 18 19 21 23 24 26 | 26.4
Long Blades    | 3 5 7 9 10 12 14 16 18 20 22 24 26 27 | 27.0
Invocations    | 3 4 6 8 9 10 | 10.3
Bows           | 4 8 11 14 16 19 20 | 20.0
Evocations     | 7 11 14 16 18 | 18.6
Stealth        | 9 13 15 | 15.9
Throwing       | |  2.0

Action                   |  1- 3 |  4- 6 |  7- 9 | 10-12 | 13-15 | 16-18 || total
-------------------------+-------+-------+-------+-------+-------+-------++-------
Melee: War axe           |     5 |    10 |       |       |       |       ||    15
       Headbutt          |     1 |     3 |    14 |    76 |   151 |   134 ||   379
       Hand axe          |       |    26 |    43 |    28 |       |       ||    97
       Long sword        |       |     5 |     2 |    11 |     7 |    46 ||    71
       Scimitar          |       |       |    24 |    56 |       |       ||    80
       Punch             |       |       |       |     2 |       |       ||     2
       Great sword       |       |       |       |   237 |   532 |   298 ||  1067
       Demon blade       |       |       |       |       |    22 |     4 ||    26
 Fire: Longbow           |       |       |       |    13 |       |       ||    13
       Shortbow          |       |       |       |       |   111 |   141 ||   252
Invok: Heroism           |       |       |     4 |     7 |     8 |     1 ||    20
       Finesse           |       |       |       |     7 |     8 |     4 ||    19
Evoke: Lightning rod     |       |       |       |       |       |     3 ||     3
  Use: Potion            |       |       |     4 |     3 |     8 |     4 ||    19
       Scroll            |       |       |       |       |     9 |     7 ||    16
 Stab: Invisible         |       |       |       |     9 |     7 |       ||    16
       Petrified         |       |       |       |       |       |     2 ||     2
       Sleeping          |       |       |       |       |       |     1 ||     1
Armor: Leather armour    |     1 |     1 |       |       |       |       ||     2
       Ring mail         |       |    11 |    17 |       |       |       ||    28
       Chain mail        |       |       |     8 |   118 |    35 |       ||   161
       Plate armour      |       |       |       |       |   180 |   289 ||   469
Dodge: Dodged            |     6 |    30 |    27 |   155 |   288 |   252 ||   758
       Repelled          |       |       |       |       |     4 |    13 ||    17
       Rpst.: Scimitar   |       |       |     3 |     5 |       |       ||     8
       Great sword       |       |       |       |    27 |    37 |    47 ||   111
       Long sword        |       |       |       |       |     1 |     4 ||     5
       Demon blade       |       |       |       |       |     1 |       ||     1

Table legend: (Time is in decaauts)
 A = Elapsed time spent in this place.
 B = Non-inter-level travel time spent in this place.
 C = Inter-level travel time spent in this place.
 D = Time resting spent in this place.
 E = Time spent auto-exploring this place.
 F = Levels seen in this place.
 G = Mean time per level.
                   A        B        C        D        E       F      G
               +--------+--------+--------+--------+--------+-----+--------+
         Total |   8958 |   8861 |     97 |   4554 |      0 |   1 | 8958.0 |
       Dungeon |   8958 |   8861 |     97 |   4554 |      0 |   1 | 8958.0 |
               +--------+--------+--------+--------+--------+-----+--------+

Top non-repeatable levels by time:
       D: 8958 daAuts
